 Dungeon Crawl Stone Soup version 0.29.1-15-g9cfb28693d (webtiles) character file.

Game seed: 12241143799142987789

35672 jesase the Warrior (level 13, -10/134 HPs)
             Began as a Minotaur Berserker on Mar 4, 2023.
             Was a High Priest of Trog.
             Mangled by a naga warrior
             ... wielding a +0 halberd
              (41 damage)
             ... on level 1 of the Snake Pit.
             The game lasted 00:58:42 (16297 turns).

jesase the Warrior (Minotaur Berserker)            Turns: 16297, Time: 00:58:44

Health: -10/134    AC: 21    Str: 26    XL:     13   Next: 48%
Magic:  4/4        EV:  5    Int:  1    God:    Trog [*****.]
Gold:   428        SH:  5    Dex: 11    Spells: 12/12 levels left

rFire   . . .      SeeInvis +   W - +3 broad axe (antimagic)
rCold   . . .      Faith    .   O - +0 buckler
rNeg    . . .      Spirit   .   q - +3 plate armour
rPois   +          Reflect  .   (helmet restricted)
rElec   .          Harm     .   H - +0 cloak
rCorr   .          Rampage  .   k - +0 pair of gloves
Will    ++...      Rage     50% (no boots)
Stlth   ..........              L - necklace of Bloodlust {*Rage Will++ Int-3 Slay+6}
HPRegen 0.32/turn               T - ring of see invisible
MPRegen 0.09/turn               B - ring of poison resistance

@: lethally poisoned (-10 -> -18), on berserk cooldown, slowed, constricted,
very slow
A: horns 2, retaliatory headbutt
a: Renounce Religion, Berserk, Trog's Hand, Brothers in Arms


You were on level 1 of the Snake Pit.
You worshipped Trog.
Trog was extremely pleased with you.
You visited 4 branches of the dungeon, and saw 16 of its levels.

You collected 1272 gold pieces.
You spent 844 gold pieces at shops.

Inventory:

Hand Weapons
 a - a +1 hand axe of electrocution
 R - a +0 war axe of flaming
 W - a +3 antimagic broad axe (weapon)
 X - the +9 trident of Foul Odours {vamp, rN+ Will- Dex+7}
   (You found it on level 1 of the Snake Pit)

   It occasionally heals its wielder for a portion of the damage dealt when it
   wounds a living foe.
   Dex:       It affects your dexterity (+7).
   rN:        It protects you from negative energy.
   Will:      It decreases your willpower.
Missiles
 f - 33 poisoned darts
 i - a throwing net
Armour
 k - a +0 pair of gloves (worn)
 q - a +3 plate armour (worn)
 y - the +2 leather armour "Cese" {Rampage *Corrode rPois Str-5}
   (You found it on level 6 of the Dungeon)

   Str:       It affects your strength (-5).
   rPois:     It protects you from poison.
   *Corrode:  It may corrode you when you take damage.
   Rampage:   It bestows one free step when moving towards enemies.
 E - +0 steam dragon scales
 F - +0 acid dragon scales
 H - a +0 cloak (worn)
 O - a +0 buckler (worn)
Jewellery
 h - the amulet of Dogma {Reflect rElec rF++ Regen+ Str-5 SH+5}
   (You acquired it on level 3 of the Dungeon)

   [amulet of reflection]

   It reflects blocked missile attacks.
   Str:       It affects your strength (-5).
   rF:        It greatly protects you from fire.
   rElec:     It insulates you from electricity.
   Regen:     It increases your rate of health regeneration.
   SH:        It affects your SH (+5).
 s - a ring of resist corrosion
 x - a ring of ice
 B - a ring of poison resistance (right hand)
 L - the necklace of Bloodlust (around neck) {*Rage Will++ Int-3 Slay+6}
   (You bought it in a shop on level 11 of the Dungeon)

   [amulet of nothing]

   It extends the wearer's berserk rage when killing foes.
   Int:       It affects your intelligence (-3).
   Slay:      It affects your accuracy & damage with ranged weapons and melee
   (+6).
   *Rage:     It berserks you when you make melee attacks (+50% chance).
   Will:      It greatly increases your willpower.
 N - a +4 ring of evasion
 S - a ring of ice
 T - a ring of see invisible (left hand)
Wands
 l - a wand of polymorph (10)
 o - a wand of charming (9)
 t - a wand of iceblast (14)
 w - a wand of flame (45)
 Y - a wand of mindburst (2) (quivered)
Scrolls
 c - a scroll of magic mapping
 m - 2 scrolls of vulnerability
 n - 3 scrolls of teleportation
 A - a scroll of summoning
 D - a scroll of brand weapon
 G - 2 scrolls of immolation
 I - a scroll of acquirement
 K - a scroll of poison
 M - 2 scrolls of fear
 P - a scroll of noise {unknown}
 Q - 2 scrolls of identify
 U - 2 scrolls of blinking
 Z - a scroll of amnesia {unknown}
Potions
 b - a potion of attraction
 d - 3 potions of brilliance
 e - a potion of flight
 g - 10 potions of curing
 j - a potion of magic
 p - 3 potions of heal wounds
 r - 4 potions of might
 u - 3 potions of resistance {unknown}
 v - 2 potions of lignification {unknown}
 z - 2 potions of mutation {unknown}
 C - a potion of cancellation {unknown}
 J - 15 potions of degeneration
 V - a potion of haste


   Skills:
 * Level 17.7 Fighting
 * Level 16.2 Axes
 + Level 12.7 Armour
 - Level 2.1 Dodging
 - Level 0.1 Stealth
 + Level 7.6 Shields


You had 12 spell levels left.
You didn't know any spells.
Your spell library contained the following spells:

 Spells                   Type           Power      Damage    Failure   Level
 Ensorcelled Hibernation  Hex/Ice        0%         N/A       100%        2
 Spider Form              Tmut/Pois      0%         N/A       100%        3
 Anguish                  Hex/Necr       0%         N/A       100%        4


Dungeon Overview and Level Annotations

Branches:
Dungeon (11/15)            Temple (0/1) D:7            Lair (2/5) D:9
  Snake (1/4) Lair:2          Orc (2/2) D:11
  Swamp: Lair:2-3    Shoals: Lair:2-3       Elf: Orc:2

Altars:
Okawaru
Xom

Shops:
D:10 (   D:11 =   Orc:1 =   Orc:2 !


Innate Abilities, Weirdness & Mutations

You have a pair of horns on your head.
You reflexively headbutt those who attack you in melee.


Message History

The guardian serpent's magic leaks into the air.
You headbutt the guardian serpent!
The guardian serpent is heavily wounded.
The guardian serpent's magic is no longer disrupted.
The guardian serpent hits you but does no damage.
You block the guardian serpent's attack.
You slice the guardian serpent!!
You kill the guardian serpent!
Trog accepts your kill.
Trog appreciates your killing of a magic user.
Unknown command.
There is an open door here.
A naga warrior breaks down the door.
You slice the naga warrior!!
The naga warrior is moderately wounded.
You block the naga warrior's attack.
The naga warrior hits you with a +0 dire flail!!
The naga warrior grabs you. The naga warrior constricts you.
You slice the naga warrior!!
The naga warrior is severely wounded.
The naga warrior spits poison at you. You block the splash of poison.
The naga warrior hits you with a +0 dire flail!!!
The naga warrior constricts you.
You are too injured to fight recklessly!
You are too injured to fight recklessly!
You are too injured to fight recklessly!
Cleave: W) +3 broad axe (antimagic)
Press: ? - help, Dir - move target, f - naga warrior
Aim: a naga warrior, wielding a +0 dire flail (severely wounded, constricting you, strong, about 25% to evade your +3 antimagic broad axe)
You slice the naga warrior!!
The naga warrior is almost dead.
The naga warrior hits you from afar with a +0 halberd!
* * * LOW HITPOINT WARNING * * *
The naga warrior spits poison at you.
The splash of poison hits you but does no damage.
You are poisoned.
You resist. The naga warrior constricts you.
The naga warrior hits you from afar with a +0 halberd!!!
You die...

##.# #.......##
##.# #........##
##.### #.........+
.....# ##.......##
#.### ##.....## .#
##'#### #.####
###########.##
.....#
#......##....####
###...
+.......@..........
#......N#'#########
## #........N.. ##.
#............# #..
###.##
###+####......# +..
...... .......# #..
#####. ........ #..
# ........ #. #
##### #


You could see 2 naga warriors.

Vanquished Creatures
  An orc warlord (Orc:1)
  Fannar (Orc:1)
  An anaconda (Snake:1)
  A naga warrior (Snake:1)
  A two-headed ogre (D:7)
  5 death yaks (D:9)
  A shock serpent (Snake:1)
  4 naga ritualists (Snake:1)
  9 mana vipers (Snake:1)
  2 salamanders (Snake:1)
  An orc sorcerer (Orc:2)
  A guardian serpent (Snake:1)
  9 black mambas (Snake:1)
  3 naga magi (Snake:1)
  6 elephants (Lair:1)
  An orange demon (D:9)
  3 cane toads (Lair:1)
  A rime drake (Lair:2)
  A kobold demonologist (D:10)
  A komodo dragon (Lair:1)
  4 trolls
  A shadow (D:9)
  Sigmund (D:6)
  3 wyverns
  26 yaks
  2 basilisks (Lair:1)
  Grum (D:10)
  A steam dragon (D:8)
  Edmund (D:6)
  2 acid dragons
  4 nagas
  4 water moccasins
  A swamp drake (D:11)
  An ice beast (D:7)
  13 orc warriors
  3 black bears
  7 ogres
  The ghost of fakeacct the Covered, an amateur HuFi (D:3)
  3 centaurs
  8 wolves
  2 kobold brigands
  7 bullfrogs
  3 necrophages
  2 scorpions
  3 wights (D:8)
  18 killer bees
  10 orc priests
  Crazy Yiuf (D:7)
  A gnoll bouda (D:3)
  3 hounds
  A jelly (D:5)
  2 iguanas (D:5)
  13 orc wizards
  5 adders
  14 gnolls
  2 white imps (D:5)
  2 ufetubi
  A worm (D:2)
  2 dart slugs
  54 orcs
  6 ball pythons
  5 bats
  9 endoplasms
  4 giant cockroaches
  9 goblins
  3 hobgoblins
  16 kobolds
  2 quokkas (D:1)
  A frilled lizard (D:3)
  8 rats
349 creatures vanquished.

Vanquished Creatures (collateral kills)
  Amaemon (D:9)
  A troll (Orc:1)
  A yak (Lair:1)
  An orc warrior (Orc:1)
  An orc priest (Orc:1)
  An orc wizard (Orc:1)
  2 orcs (Orc:1)
8 creatures vanquished.

Vanquished Creatures (others)
  A komodo dragon (D:11)
  A yak (D:9)
  3 fungi
  27 plants
32 creatures vanquished.

Grand Total: 389 creatures vanquished

Notes
Turn   | Place    | Note
-------+----------+-------------------------------------------
     0 | D:1      | jesase the Minotaur Berserker began the quest for the Orb.
     0 | D:1      | Reached XP level 1. HP: 19/19 MP: 0/0
   110 | D:1      | Reached XP level 2. HP: 22/27 MP: 1/1
   188 | D:1      | Reached skill level 4 in Fighting
   520 | D:1      | Reached XP level 3. HP: 32/33 MP: 2/2
   757 | D:2      | Reached ** piety under Trog
   813 | D:2      | Found a faded altar of an unknown god.
  1066 | D:2      | Found a shimmering altar of Xom.
  1723 | D:3      | Found a runed translucent gate.
  1728 | D:3      | Found a runed translucent gate.
  1728 | D:3      | Noticed fakeacct's ghost (amateur HuFi)
  1729 | D:3      | Found a runed translucent gate.
  1741 | D:3      | Killed fakeacct's ghost
  1742 | D:3      | Reached skill level 5 in Fighting
  1742 | D:3      | Reached skill level 5 in Axes
  1742 | D:3      | Reached XP level 4. HP: 38/42 MP: 3/3
  1742 | D:3      | Reached XP level 5. HP: 44/48 MP: 4/4
  2262 | D:3      | Reached skill level 6 in Fighting
  2262 | D:3      | Reached XP level 6. HP: 42/57 MP: 5/5
  2437 | D:3      | Found an iron altar of Okawaru.
  2544 | D:3      | Identified a scroll of acquirement
  2544 | D:3      | Acquired the amulet of Dogma {Reflect rElec rF++ Regen+
                  | Str-5 SH+5}
  2583 | D:3      | Reached *** piety under Trog
  2957 | D:3      | You fall into a shaft and drop 1 floor!
  3494 | D:5      | Entered Level 5 of the Dungeon
  3766 | D:5      | Reached skill level 7 in Fighting
  3766 | D:5      | Reached XP level 7. HP: 38/66 MP: 6/6
  4236 | D:5      | Reached skill level 5 in Armour
  4884 | D:6      | Identified the +2 leather armour "Cese" {Rampage *Corrode
                  | rPois Str-5}
  4919 | D:6      | Reached skill level 8 in Fighting
  5090 | D:6      | Reached XP level 8. HP: 71/74 MP: 7/7
  5187 | D:6      | Noticed Sigmund
  5200 | D:6      | Killed Sigmund
  5243 | D:6      | Noticed Edmund
  5253 | D:6      | Killed Edmund
  5846 | D:7      | Reached skill level 9 in Fighting
  5874 | D:7      | Noticed a two-headed ogre
  5886 | D:7      | Killed a two-headed ogre
  5887 | D:7      | Reached XP level 9. HP: 84/85 MP: 8/8
  5922 | D:7      | Found a staircase to the Ecumenical Temple.
  6000 | D:7      | Reached skill level 10 in Fighting
  6419 | D:7      | Found a runed translucent door.
  6420 | D:7      | Noticed Crazy Yiuf
  6424 | D:7      | Killed Crazy Yiuf
  6708 | D:8      | Reached skill level 10 in Axes
  7068 | D:8      | Reached **** piety under Trog
  7443 | D:8      | Reached skill level 11 in Fighting
  8153 | D:9      | Noticed Amaemon
  8153 | D:9      | Noticed an orange demon
  8241 | D:9      | Killed an orange demon
  8245 | D:9      | Killed Amaemon
  8246 | D:9      | Reached XP level 10. HP: 97/97 MP: 9/9
  8527 | D:9      | Noticed a death yak
  8527 | D:9      | Noticed a death yak
  8568 | D:9      | Killed a death yak
  8569 | D:9      | Reached skill level 12 in Fighting
  8572 | D:9      | Killed a death yak
  8826 | D:9      | Noticed a death yak
  8827 | D:9      | Noticed a death yak
  8830 | D:9      | Noticed a death yak
  9212 | D:9      | Found a staircase to the Lair.
  9327 | Lair:1   | Entered Level 1 of the Lair of Beasts
  9350 | Lair:1   | Reached skill level 13 in Fighting
  9359 | Lair:1   | Noticed a cane toad
  9371 | Lair:1   | Killed a cane toad
  9419 | Lair:1   | Noticed a cane toad
  9425 | Lair:1   | Killed a cane toad
  9478 | Lair:1   | Reached XP level 11. HP: 85/107 MP: 10/10
  9982 | D:9      | Killed a death yak
  9983 | D:9      | Reached skill level 14 in Fighting
  9987 | D:9      | Killed a death yak
  9988 | D:9      | Reached skill level 10 in Armour
  9994 | D:9      | Killed a death yak
 10174 | D:10     | Entered Level 10 of the Dungeon
 10544 | D:10     | Noticed Grum
 10556 | D:10     | Reached skill level 1 in Shields
 10556 | D:10     | Killed Grum
 10958 | D:10     | Reached skill level 15 in Fighting
 10994 | D:10     | Found Ruifajass's Weapon Boutique.
 11207 | D:11     | Found Qevyg's Jewellery Shop.
 11322 | D:11     | Reached ***** piety under Trog
 11893 | D:11     | Found a staircase to the Orcish Mines.
 11951 | Orc:1    | Entered Level 1 of the Orcish Mines
 11951 | Orc:1    | Found Eclux's Jewellery Shop.
 11951 | Orc:1    | You fall into a shaft and drop 1 floor!
 11951 | Orc:2    | Entered Level 2 of the Orcish Mines
 11961 | Orc:1    | Noticed Fannar
 11973 | Orc:1    | Killed Fannar
 11974 | Orc:1    | Reached XP level 12. HP: 121/121 MP: 11/11
 12387 | Orc:1    | Noticed an orc warlord
 12487 | Orc:2    | Found Roceir's Distillery.
 12805 | Orc:1    | Killed an orc warlord
 13104 | D:11     | Noticed a five-headed hydra
 13435 | D:11     | Bought the necklace of Bloodlust {*Rage Will++ Int-3
                  | Slay+6} for 634 gold pieces
 13435 | D:11     | Found the necklace of Bloodlust {*Rage Will++ Int-3 Slay+6}
 13443 | D:11     | Bought a ring of see invisible for 210 gold pieces
 13614 | Lair:1   | Reached skill level 16 in Fighting
 13657 | Lair:1   | Reached skill level 15 in Axes
 13657 | Lair:1   | Reached skill level 5 in Shields
 14766 | Lair:2   | Found a staircase to the Snake Pit.
 15303 | Snake:1  | Entered Level 1 of the Snake Pit
 15331 | Snake:1  | Reached skill level 17 in Fighting
 15331 | Snake:1  | Reached XP level 13. HP: 108/132 MP: 1/12
 15614 | Snake:1  | Received a gift from Trog
 15624 | Snake:1  | Identified the +9 trident of Foul Odours {vamp, rN+ Will-
                  | Dex+7}
 16297 | Snake:1  | Mangled by a naga warrior

Illustrated notes

Levels and vault maps discovered:
D:1:      shiori_shiawase, layout_basic, minivault_23
D:2:      layout_basic, ebering_ecumenical_altar_webs, basic_altar
D:3:      cheibrodos_old_hovel, layout_basic, okawaru_trees_1,
          ebering_ghost_rock_garden
D:4:      kennysheep_six_static_rooms, layout_gridville, grunt_decor_one_mirror
D:5:      layout_basic, feat_on_display
D:6:      layout_basic, hangedman_decor_riveting, sigmund_edmund_badplayer
D:7:      layout_basic, minmay_temple_entry_tees, uniq_crazy_yiuf_cottage
D:8:      layout_loops_corners
D:9:      layout_cross, dpeg_lair_monsters, uniq_amaemon
D:10:     layout_rooms, serial_shops, nicolae_shop_bloodbath_and_beyond,
          minivault_26, uniq_grum
D:11:     layout_rooms, erik_orc_1, serial_shops, shop
Lair:1:   layout_regular_city, minmay_holes, lemuel_fruit_fields,
          serial_bayou_shore_a
Lair:2:   hellmonk_destroyed_diamonds, layout_hall_layers,
          guppyfry_snake_entry_island, serial_bayou_shore_b
Snake:1:  layout_gridlike, grunt_ministairs_1, st_stairs_8
Orc:1:    layout_caves, serial_shops, shop_fountains, uniq_fannar
Orc:2:    st_orc_ogre_mass, layout_caves, serial_shops, nicolae_shop_crystal,
          basic_altar

Skill      XL: |  1  2  3  4  5  6  7  8  9 10 11 12 13 |
---------------+----------------------------------------+-----
Axes           | 4 5 6 7 9 11 13 14 15 16 | 16.2
Fighting       | 4 5 6 7 8 9 11 13 15 17 | 17.7
Armour         | 3 4 5 6 8 9 10 12 | 12.7
Shields        | 3 6 7 |  7.6
Dodging        | |  2.1
Stealth        | |  0.1

Action                   |  1- 3 |  4- 6 |  7- 9 | 10-12 | 13-15 || total
-------------------------+-------+-------+-------+-------+-------++-------
Melee: Hand axe          |   101 |    97 |   211 |   273 |       ||   682
       Headbutt          |     9 |    13 |    32 |    95 |    23 ||   172
       Punch             |       |     3 |     4 |     4 |       ||    11
       War axe           |       |       |       |   182 |    21 ||   203
       Broad axe         |       |       |       |       |    60 ||    60
Invok: Berserk           |     1 |     3 |     5 |    12 |       ||    21
       Trog's Hand       |       |       |     1 |     4 |       ||     5
       Brothers in Arms  |       |       |     1 |     1 |       ||     2
Evoke: Wand              |       |       |       |    12 |     1 ||    13
  Use: Scroll            |       |     1 |    16 |     7 |     2 ||    26
       Potion            |       |       |     2 |     1 |       ||     3
 Stab: Distracted        |       |       |     1 |     1 |       ||     2
       Confused          |       |       |       |     1 |       ||     1
Armor: Ring mail         |    13 |       |       |       |       ||    13
       Chain mail        |    20 |    12 |       |       |       ||    32
       Plate armour      |       |    45 |   152 |   220 |    30 ||   447
Dodge: Dodged            |    44 |    47 |    90 |   146 |    15 ||   342
Block: Buckler           |       |       |       |    42 |    20 ||    62
